Blues vs Jets

Created - January-29-15 at 17:48

Goals
1 2 3 T
Blues 1 0 1 2
Jets 1 2 1 4
Shots
1 2 3 T
Blues 5 6 10 21
Jets 9 12 9 30

1st period

1. Blues , Jiri Hudler 15 (Bryan Little, Mark Stuart) at 6:35
2. Jets , Alexander Edler 7 (Anders Lee, Chris Kunitz) at 8:57 (PP)

Penalties :
Anders Lee (WPG) for Boarding (Major) at 0:05, Johnny Boychuk (STL) for Hooking (Minor) at 0:05, Chris Kunitz (WPG) for High sticking (Minor) at 1:02, Carl Hagelin (WPG) for High sticking (Minor) at 6:50, Ryan Garbutt (STL) for Interference (Minor) at 6:50, Jeff Petry (STL) for Tripping (Minor) at 8:14, Lee Stempniak (STL) for Roughing (Minor) at 10:34, Mark Stuart (STL) for Tripping (Minor) at 16:24

2nd period

3. Jets , Joe Pavelski 34 (Kimmo Timonen) at 0:20
4. Jets , Joe Pavelski 35 (Connor Murphy, Corey Perry) at 17:50

Penalties :
Anders Lee (WPG) for High sticking (Minor) at 1:19, Ryan Garbutt (STL) for Hooking (Minor) at 6:55, Jeff Petry (STL) for Hooking (Minor) at 8:53, Mike Weaver (STL) for Tripping (Minor) at 14:42

3rd period

5. Jets , Jamie Benn 26 (Jonathan Ericsson, Alexander Edler) at 7:28
6. Blues , Bryan Little 19 (Mike Weaver) at 14:30

Penalties :
Connor Murphy (WPG) for Hooking (Minor) at 1:23, Jeff Petry (STL) for Hooking (Minor) at 4:03, Radko Gudas (WPG) for Delaying the game (Minor) at 12:30

Goalie Stats

Antti Niemi (STL), 26 saves from 30 shots - (0.867), L, 12-16-1, 60:00 minutes
Cory Schneider (WPG), 19 saves from 21 shots - (0.905), W, 25-10-1, 60:00 minutes

Players Stats for Blues

Player Name              G  A  P  +/- PIM S  H  SB GA TA FO     MP     PP MP  PK MP  
------------------------------------------------------------------------------------
Alex Tanguay             0  0  0   0  0   0  0  0  0  0  0/1    14:09   4:22   0:00 
Bryan Little             1  1  2  -2  0   2  2  0  0  0  12/29  24:08   4:35   5:59 
Cal Clutterbuck          0  0  0   1  0   0  1  0  0  0  1/1    11:33   0:00   6:01 
Carl Gunnarsson          0  0  0   2  0   1  1  0  0  0  0/0    23:45   5:37   5:21 
David Jones              0  0  0   0  0   1  0  0  0  0  0/0     8:14   0:00   0:00 
Jay McClement            0  0  0   1  0   0  0  0  0  0  3/6     5:32   0:00   0:00 
Jeff Petry               0  0  0  -2  6   0  4  0  0  0  0/0    18:54   0:00   4:17 
Jiri Hudler              1  0  1  -2  0   3  0  0  0  0  0/0    16:06   4:35   0:00 
Johnny Boychuk           0  0  0  -2  2   1  0  3  0  0  0/0    23:08   3:49   6:57 
Jussi Jokinen            0  0  0   0  0   5  0  0  0  0  6/13   20:53   4:35   6:01 
Kevin Klein              0  0  0  -1  0   2  1  0  0  0  0/0    14:47   3:20   0:00 
Lee Stempniak            0  0  0  -2  2   0  2  0  0  0  0/0    12:50   0:00   0:00 
Mark Stuart              0  1  1   2  2   0  4  2  0  0  0/0    18:39   0:00   4:47 
Mike Fisher              0  0  0   0  0   1  2  0  0  0  17/32  22:04   4:22   6:35 
Mike Weaver              0  1  1  -1  2   2  2  1  0  0  0/0    20:41   5:08   3:49 
R.J. Umberger            0  0  0   0  0   2  0  0  0  0  1/1    14:09   4:22   0:00 
Ryan Garbutt             0  0  0   0  4   1  4  0  0  0  1/2     8:12   0:00   0:00 
Tanner Glass             0  0  0   1  0   0  0  0  0  0  0/0     5:32   0:00   0:00 

Players Stats for Jets

Player Name              G  A  P  +/- PIM S  H  SB GA TA FO     MP     PP MP  PK MP  
------------------------------------------------------------------------------------
Alexander Edler          1  1  2   0  0   3  2  1  0  0  0/0    15:59   6:34   0:00 
Anders Lee               0  1  1   1  7   1  4  0  0  0  0/0    19:03   5:47   0:00 
Boyd Gordon              0  0  0   0  0   0  0  0  0  0  4/4     2:59   0:00   1:29 
Brett Bellemore          0  0  0   0  0   0  1  0  0  0  0/0     6:07   0:00   3:19 
Carl Hagelin             0  0  0   0  2   0  0  0  0  0  0/0     8:39   0:00   0:42 
Chris Kunitz             0  1  1   0  2   2  3  0  0  0  0/2    18:58   5:41   0:00 
Christian Ehrhoff        0  0  0   0  0   1  0  0  0  0  0/0    20:26   6:34   0:00 
Connor Murphy            0  1  1   0  2   1  1  0  0  0  0/0    23:32   5:27   3:02 
Corey Perry              0  1  1   1  0   5  2  0  0  0  0/1    21:34   6:20   0:00 
Jamie Benn               1  0  1   0  0   6  3  0  0  0  14/24  20:49   5:41   1:50 
Joe Pavelski             2  0  2   1  0   7  1  0  0  0  14/28  21:34   6:20   0:00 
Jonathan Ericsson        0  1  1   1  0   0  0  1  0  0  0/0    13:48   0:00   5:49 
Josh Bailey              0  0  0   0  0   0  1  0  0  0  0/1    19:29   5:41   0:00 
Kimmo Timonen            0  1  1   1  0   1  0  4  0  0  0/0    23:22   5:27   5:04 
Nick Bonino              0  0  0   0  0   2  0  0  0  0  0/0     8:31   0:33   0:00 
Pascal Dupuis            0  0  0   0  0   0  0  0  0  0  0/0     8:21   0:00   6:51 
Radko Gudas              0  0  0   0  2   0  2  1  0  0  0/0    16:44   0:00   2:44 
Tomas Plekanec           0  0  0   0  0   1  2  0  0  0  12/25  15:05   0:00   7:07 

3 Stars

1 - Joe Pavelski (WPG)
2 - Alexander Edler (WPG)
3 - Jamie Benn (WPG)

Power Play

Blues - 0 on 4 Attempt(s) - 0.00%
Jets - 1 on 7 Attempt(s) - 14.29%

Penalty Kill

Blues - 6 on 7 Attempt(s) - 85.71% - Score 0 goal in Penalty Kill
Jets - 4 on 4 Attempt(s) - 100.00% - Score 0 goal in Penalty Kill

Team Stat

Blues - Hits : 23 - Faceoff Wins : 41 - Blocked Shots : 6 - Penalty Minutes : 18
Jets - Hits : 22 - Faceoff Wins : 44 - Blocked Shots : 7 - Penalty Minutes : 15

Official

Referees : Dave Lewis and Chris Lee
Linesman : Matt MacPherson and Shane Heyer

Game Notes

Kimmo Timonen is injured at 13:44 of 3rd period (Bruised Right Leg)

Finance

Level 1 -- Attendance: 6000 (100.00%) -- Ticket Income $588,000
Level 2 -- Attendance: 4393 (87.86%) -- Ticket Income $338,261
Level 3 -- Attendance: 2200 (100.00%) -- Ticket Income $158,400
Level 4 -- Attendance: 1015 (100.00%) -- Ticket Income $66,990
Luxury Box -- Attendance: 679 (84.88%) -- Ticket Income $156,170
Game was played at the MTS Center'
Total Attendance: 14287 (95.15%)
Total Ticket Income: $1,307,821
Other Income: $196,173
Total Income: $1,503,994

% Time on Ice - Blues

Lines # - Real PCT - Wanted PCT - Time Play
Normal Forward
1 - 33% - 31% - 11:31
2 - 28% - 28% - 9:47
3 - 23% - 25% - 8:14
4 - 16% - 16% - 5:32
Normal Defense
1 - 34% - 35% - 12:02
2 - 33% - 33% - 11:35
3 - 33% - 32% - 11:27
4 - 0% - 0% - 0:00
PP Forward
1 - 51% - 48% - 4:35
2 - 49% - 52% - 4:22
PP Defense
1 - 43% - 48% - 3:49
2 - 57% - 52% - 5:08
PK Forward
1 - 50% - 50% - 5:59
2 - 50% - 50% - 6:01
PK Defense
1 - 62% - 51% - 7:25
2 - 38% - 49% - 4:35
PK3 Forward
1 - 100% - 51% - 0:36
2 - 0% - 49% - 0:00
PK3 Defense
1 - 97% - 51% - 0:35
2 - 3% - 49% - 0:01
44 Forward
1 - 61% - 51% - 2:03
2 - 39% - 49% - 1:20
44 Defense
1 - 53% - 51% - 1:47
2 - 47% - 49% - 1:36
Last Minute Offensive  - 0:00
Last Minute Defensive  - 0:00
Total
Forward - 60:00
Defense - 60:00

% Time on Ice - Jets

Lines # - Real PCT - Wanted PCT - Time Play
Normal Forward
1 - 38% - 40% - 13:18
2 - 35% - 31% - 12:18
3 - 23% - 19% - 7:58
4 - 4% - 10% - 1:30
Normal Defense
1 - 37% - 40% - 13:08
2 - 40% - 34% - 14:01
3 - 15% - 16% - 5:07
4 - 8% - 10% - 2:48
PP Forward
1 - 53% - 70% - 6:20
2 - 47% - 30% - 5:41
PP Defense
1 - 45% - 70% - 5:27
2 - 55% - 30% - 6:34
PK Forward
1 - 99% - 75% - 7:55
2 - 1% - 25% - 0:05
PK Defense
1 - 59% - 60% - 4:45
2 - 41% - 40% - 3:15
PK3 Forward
1 - 70% - 70% - 1:23
2 - 30% - 30% - 0:36
PK3 Defense
1 - 54% - 60% - 1:04
2 - 46% - 40% - 0:55
44 Forward
1 - 66% - 60% - 1:56
2 - 34% - 40% - 1:00
44 Defense
1 - 66% - 51% - 1:56
2 - 34% - 49% - 1:00
Last Minute Offensive  - 0:00
Last Minute Defensive  - 0:00
Total
Forward - 60:00
Defense - 60:00

Play by Play

1st period


0:01 of 1st period - Joe Pavelski wins face-off versus Bryan Little in neutral zone.
0:05 of 1st period - Major Penalty to Anders Lee for Boarding.
0:05 of 1st period - Minor Penalty to Johnny Boychuk for Hooking.
0:06 of 1st period - Bryan Little wins face-off versus Joe Pavelski in Blues zone.
0:14 of 1st period - Mark Stuart is hit by Corey Perry and loses puck.
0:47 of 1st period - Shot by Jussi Jokinen.
0:47 of 1st period - Stopped by Cory Schneider without a rebound.
0:48 of 1st period - Mike Fisher wins face-off versus Chris Kunitz in Jets zone.
1:02 of 1st period - Minor Penalty to Chris Kunitz for High sticking.
1:03 of 1st period - Boyd Gordon wins face-off versus Mike Fisher in Jets zone.
1:59 of 1st period - Icing by Mark Stuart.
2:00 of 1st period - Boyd Gordon wins face-off versus Bryan Little in Blues zone.
2:15 of 1st period - Shot by Jussi Jokinen.
2:15 of 1st period - Stopped by Cory Schneider without a rebound.
2:16 of 1st period - Boyd Gordon wins face-off versus Mike Fisher in Jets zone.
3:13 of 1st period - Icing by Kevin Klein.
3:14 of 1st period - Tomas Plekanec wins face-off versus Bryan Little in Blues zone.
3:15 of 1st period - Shot by Jonathan Ericsson.
3:15 of 1st period - Shot Misses the Net.
3:57 of 1st period - Shot by Jussi Jokinen.
3:57 of 1st period - Shot Misses the Net.
3:59 of 1st period - Shot by Kevin Klein.
3:59 of 1st period - Stopped by Cory Schneider without a rebound.
4:00 of 1st period - Mike Fisher wins face-off versus Tomas Plekanec in Jets zone.
4:15 of 1st period - Shot by Mike Weaver.
4:15 of 1st period - Shot Hit the Post.
4:17 of 1st period - Shot by Mike Weaver.
4:17 of 1st period - Stopped by Cory Schneider without a rebound.
4:18 of 1st period - Tomas Plekanec wins face-off versus Bryan Little in Jets zone.
4:18 of 1st period - Tomas Plekanec is hit by Bryan Little.
4:25 of 1st period - Icing by Jussi Jokinen.
4:26 of 1st period - Tomas Plekanec wins face-off versus Bryan Little in Blues zone.
4:26 of 1st period - Kimmo Timonen is hit by Mike Weaver and loses puck.
5:22 of 1st period - Corey Perry is hit by Jeff Petry and loses puck.
5:35 of 1st period - Shot by Joe Pavelski.
5:35 of 1st period - Deflect By Anders Lee.
5:35 of 1st period - Shot Misses the Net.
5:37 of 1st period - Shot by Corey Perry.
5:37 of 1st period - Shot Misses the Net.
6:06 of 1st period - Icing by Alexander Edler.
6:07 of 1st period - Jamie Benn wins face-off versus Jay McClement in Jets zone.
6:16 of 1st period - Shot by Jamie Benn.
6:16 of 1st period - Stopped by Antti Niemi without a rebound.
6:17 of 1st period - Jamie Benn wins face-off versus Bryan Little in Blues zone.
6:35 of 1st period - Shot by Bryan Little.
6:35 of 1st period - Deflect By Jiri Hudler.
6:35 of 1st period - Goal by Jiri Hudler - Blues : 1 - Jets : 0.
6:36 of 1st period - Ryan Garbutt wins face-off versus Tomas Plekanec in neutral zone.
6:38 of 1st period - Jussi Jokinen is hit by Tomas Plekanec and loses puck.
6:50 of 1st period - Minor Penalty to Carl Hagelin for High sticking.
6:50 of 1st period - Minor Penalty to Ryan Garbutt for Interference.
6:51 of 1st period - Joe Pavelski wins face-off versus Bryan Little in neutral zone.
7:59 of 1st period - Johnny Boychuk is hit by Joe Pavelski and loses puck.
8:07 of 1st period - Icing by Johnny Boychuk.
8:08 of 1st period - Mike Fisher wins face-off versus Jamie Benn in Blues zone.
8:08 of 1st period - Lee Stempniak is hit by Jamie Benn and loses puck.
8:14 of 1st period - Minor Penalty to Jeff Petry for Tripping.
8:15 of 1st period - Jamie Benn wins face-off versus Mike Fisher in Blues zone.
8:22 of 1st period - Shot by Jamie Benn.
8:22 of 1st period - Deflect By Chris Kunitz.
8:22 of 1st period - Shot Blocked by Johnny Boychuk.
8:41 of 1st period - Shot by Jamie Benn.
8:41 of 1st period - Deflect By Chris Kunitz.
8:41 of 1st period - Shot Blocked by Johnny Boychuk.
8:57 of 1st period - Shot by Alexander Edler.
8:57 of 1st period - Goal by Alexander Edler - Blues : 1 - Jets : 1.
8:58 of 1st period - Tomas Plekanec wins face-off versus Bryan Little in neutral zone.
9:03 of 1st period - Shot by Nick Bonino.
9:03 of 1st period - Stopped by Antti Niemi with a rebound.
9:25 of 1st period - Shot by Alexander Edler.
9:25 of 1st period - Stopped by Antti Niemi without a rebound.
9:26 of 1st period - Jamie Benn wins face-off versus Jussi Jokinen in Blues zone.
9:59 of 1st period - Shot by Jamie Benn.
9:59 of 1st period - Shot Blocked by Mark Stuart.
10:34 of 1st period - Minor Penalty to Lee Stempniak for Roughing.
10:35 of 1st period - Joe Pavelski wins face-off versus Mike Fisher in Blues zone.
10:52 of 1st period - Anders Lee is hit by Mike Fisher and loses puck.
11:49 of 1st period - Chris Kunitz is hit by Mark Stuart and loses puck.
11:52 of 1st period - Shot by Chris Kunitz.
11:52 of 1st period - Stopped by Antti Niemi without a rebound.
11:53 of 1st period - Jussi Jokinen wins face-off versus Joe Pavelski in Blues zone.
12:43 of 1st period - Shot by Mike Weaver.
12:43 of 1st period - Shot Blocked by Jonathan Ericsson.
14:09 of 1st period - Icing by R.J. Umberger.
14:10 of 1st period - Joe Pavelski wins face-off versus Mike Fisher in Blues zone.
14:13 of 1st period - Shot by Corey Perry.
14:13 of 1st period - Shot Blocked by Mark Stuart.
14:46 of 1st period - Icing by Jeff Petry.
14:47 of 1st period - Jay McClement wins face-off versus Tomas Plekanec in Blues zone.
15:25 of 1st period - Shot by Tomas Plekanec.
15:25 of 1st period - Stopped by Antti Niemi without a rebound.
15:26 of 1st period - Bryan Little wins face-off versus Jamie Benn in Blues zone.
15:26 of 1st period - Bryan Little is hit by Jamie Benn.
15:47 of 1st period - Shot by Jamie Benn.
15:47 of 1st period - Shot Misses the Net.
15:49 of 1st period - Shot by Christian Ehrhoff.
15:49 of 1st period - Shot Misses the Net.
15:51 of 1st period - Shot by Josh Bailey.
15:51 of 1st period - Shot Misses the Net.
15:53 of 1st period - Shot by Jamie Benn.
15:53 of 1st period - Stopped by Antti Niemi without a rebound.
15:54 of 1st period - Jussi Jokinen wins face-off versus Joe Pavelski in Blues zone.
16:24 of 1st period - Minor Penalty to Mark Stuart for Tripping.
16:25 of 1st period - Jamie Benn wins face-off versus Mike Fisher in Blues zone.
16:54 of 1st period - Shot by Jamie Benn.
16:54 of 1st period - Stopped by Antti Niemi without a rebound.
16:55 of 1st period - Jussi Jokinen wins face-off versus Corey Perry in Blues zone.
17:53 of 1st period - Shot by Jamie Benn.
17:53 of 1st period - Stopped by Antti Niemi without a rebound.
17:54 of 1st period - Jamie Benn wins face-off versus Jussi Jokinen in Blues zone.
18:50 of 1st period - Christian Ehrhoff is hit by Ryan Garbutt and loses puck.
19:12 of 1st period - Shot by Johnny Boychuk.
19:12 of 1st period - Shot Misses the Net.
Goals for this period are 1 for Blues vs 1 for Jets.
Shots for this period are 5 for Blues vs 9 for Jets.

2nd period


0:01 of 2nd period - Bryan Little wins face-off versus Joe Pavelski in neutral zone.
0:20 of 2nd period - Shot by Joe Pavelski.
0:20 of 2nd period - Goal by Joe Pavelski - Blues : 1 - Jets : 2.
0:21 of 2nd period - Mike Fisher wins face-off versus Jamie Benn in neutral zone.
1:19 of 2nd period - Minor Penalty to Anders Lee for High sticking.
1:20 of 2nd period - Bryan Little wins face-off versus Tomas Plekanec in Jets zone.
1:35 of 2nd period - Shot by Johnny Boychuk.
1:35 of 2nd period - Shot Misses the Net.
1:37 of 2nd period - Shot by Bryan Little.
1:37 of 2nd period - Stopped by Cory Schneider without a rebound.
1:38 of 2nd period - Bryan Little wins face-off versus Tomas Plekanec in Jets zone.
1:39 of 2nd period - Shot by Johnny Boychuk.
1:39 of 2nd period - Stopped by Cory Schneider without a rebound.
1:40 of 2nd period - Tomas Plekanec wins face-off versus Bryan Little in Jets zone.
1:40 of 2nd period - Tomas Plekanec is hit by Bryan Little.
2:44 of 2nd period - Shot by R.J. Umberger.
2:44 of 2nd period - Shot Blocked by Kimmo Timonen.
2:46 of 2nd period - Shot by Alex Tanguay.
2:46 of 2nd period - Shot Misses the Net.
2:48 of 2nd period - Shot by Mike Fisher.
2:48 of 2nd period - Shot Blocked by Kimmo Timonen.
2:56 of 2nd period - Shot by R.J. Umberger.
2:56 of 2nd period - Stopped by Cory Schneider without a rebound.
2:57 of 2nd period - Mike Fisher wins face-off versus Tomas Plekanec in Jets zone.
2:58 of 2nd period - Shot by Alex Tanguay.
2:58 of 2nd period - Shot Misses the Net.
3:00 of 2nd period - Shot by Alex Tanguay.
3:00 of 2nd period - Shot Misses the Net.
3:02 of 2nd period - Shot by Mike Fisher.
3:02 of 2nd period - Shot Blocked by Radko Gudas.
3:04 of 2nd period - Shot by Mike Weaver.
3:04 of 2nd period - Shot Misses the Net.
3:20 of 2nd period - Shot by Mike Fisher.
3:20 of 2nd period - Stopped by Cory Schneider with a rebound.
3:50 of 2nd period - Shot by Corey Perry.
3:50 of 2nd period - Stopped by Antti Niemi without a rebound.
3:51 of 2nd period - Bryan Little wins face-off versus Jamie Benn in Blues zone.
3:56 of 2nd period - Chris Kunitz is hit by Lee Stempniak.
4:23 of 2nd period - Icing by Bryan Little.
4:24 of 2nd period - Joe Pavelski wins face-off versus Bryan Little in Blues zone.
5:42 of 2nd period - Shot by Jamie Benn.
5:42 of 2nd period - Stopped by Antti Niemi without a rebound.
5:43 of 2nd period - Jussi Jokinen wins face-off versus Tomas Plekanec in Blues zone.
5:49 of 2nd period - Off-side.
5:50 of 2nd period - Jamie Benn wins face-off versus Bryan Little in neutral zone.
6:53 of 2nd period - Nick Bonino is hit by Ryan Garbutt and loses puck.
6:55 of 2nd period - Minor Penalty to Ryan Garbutt for Hooking.
6:56 of 2nd period - Joe Pavelski wins face-off versus Jussi Jokinen in Blues zone.
7:07 of 2nd period - Shot by Corey Perry.
7:07 of 2nd period - Deflect By Anders Lee.
7:07 of 2nd period - Stopped by Antti Niemi without a rebound.
7:08 of 2nd period - Cal Clutterbuck wins face-off versus Joe Pavelski in Blues zone.
7:34 of 2nd period - Mike Fisher is hit by Anders Lee and loses puck.
7:47 of 2nd period - Shot by Jussi Jokinen.
7:47 of 2nd period - Stopped by Cory Schneider without a rebound.
7:48 of 2nd period - Mike Fisher wins face-off versus Jamie Benn in Jets zone.
7:49 of 2nd period - Shot by Bryan Little.
7:49 of 2nd period - Shot Misses the Net.
8:25 of 2nd period - Shot by Jussi Jokinen.
8:25 of 2nd period - Shot Misses the Net.
8:53 of 2nd period - Minor Penalty to Jeff Petry for Hooking.
8:54 of 2nd period - Mike Fisher wins face-off versus Joe Pavelski in Blues zone.
10:28 of 2nd period - Mike Weaver is hit by Corey Perry.
11:18 of 2nd period - Tomas Plekanec is hit by Jeff Petry and loses puck.
11:43 of 2nd period - Shot by Jiri Hudler.
11:43 of 2nd period - Shot Misses the Net.
11:45 of 2nd period - Shot by Mark Stuart.
11:45 of 2nd period - Shot Misses the Net.
12:04 of 2nd period - Icing by Bryan Little.
12:05 of 2nd period - Jamie Benn wins face-off versus Bryan Little in Blues zone.
12:19 of 2nd period - Shot by Jiri Hudler.
12:19 of 2nd period - Shot Misses the Net.
12:35 of 2nd period - Shot by Ryan Garbutt.
12:35 of 2nd period - Stopped by Cory Schneider without a rebound.
12:36 of 2nd period - Mike Fisher wins face-off versus Joe Pavelski in Jets zone.
12:36 of 2nd period - Mike Fisher is hit by Brett Bellemore.
12:54 of 2nd period - Shot by Joe Pavelski.
12:54 of 2nd period - Deflect By Corey Perry.
12:54 of 2nd period - Stopped by Antti Niemi without a rebound.
12:55 of 2nd period - Jamie Benn wins face-off versus Jay McClement in Blues zone.
12:56 of 2nd period - Shot by Kimmo Timonen.
12:56 of 2nd period - Stopped by Antti Niemi with a rebound.
13:04 of 2nd period - Shot by Tanner Glass.
13:04 of 2nd period - Shot Misses the Net.
13:10 of 2nd period - Shot by Carl Gunnarsson.
13:10 of 2nd period - Shot Hit the Post.
13:57 of 2nd period - Shot by Ryan Garbutt.
13:57 of 2nd period - Shot Misses the Net.
14:42 of 2nd period - Minor Penalty to Mike Weaver for Tripping.
14:43 of 2nd period - Jamie Benn wins face-off versus Mike Fisher in Blues zone.
14:44 of 2nd period - Shot by Alexander Edler.
14:44 of 2nd period - Stopped by Antti Niemi without a rebound.
14:45 of 2nd period - Mike Fisher wins face-off versus Jamie Benn in Blues zone.
14:53 of 2nd period - Icing by Connor Murphy.
14:54 of 2nd period - Mike Fisher wins face-off versus Jamie Benn in Jets zone.
15:05 of 2nd period - Shot by Chris Kunitz.
15:05 of 2nd period - Stopped by Antti Niemi without a rebound.
15:06 of 2nd period - Joe Pavelski wins face-off versus Mike Fisher in Blues zone.
15:07 of 2nd period - Shot by Corey Perry.
15:07 of 2nd period - Stopped by Antti Niemi without a rebound.
15:08 of 2nd period - Joe Pavelski wins face-off versus Mike Fisher in Blues zone.
15:08 of 2nd period - Joe Pavelski is hit by Mark Stuart.
15:24 of 2nd period - Shot by Joe Pavelski.
15:24 of 2nd period - Shot Blocked by Johnny Boychuk.
15:26 of 2nd period - Shot by Anders Lee.
15:26 of 2nd period - Deflect By Corey Perry.
15:26 of 2nd period - Stopped by Antti Niemi without a rebound.
15:27 of 2nd period - Jamie Benn wins face-off versus Mike Fisher in Blues zone.
15:27 of 2nd period - Kimmo Timonen is hit by Mark Stuart and loses puck.
16:45 of 2nd period - Shot by Nick Bonino.
16:45 of 2nd period - Stopped by Antti Niemi without a rebound.
16:46 of 2nd period - Jay McClement wins face-off versus Tomas Plekanec in Blues zone.
16:48 of 2nd period - Icing by Mike Weaver.
16:49 of 2nd period - Tomas Plekanec wins face-off versus Jay McClement in Blues zone.
17:18 of 2nd period - Christian Ehrhoff is hit by Cal Clutterbuck and loses puck.
17:26 of 2nd period - Off-side.
17:27 of 2nd period - Joe Pavelski wins face-off versus Bryan Little in neutral zone.
17:50 of 2nd period - Shot by Joe Pavelski.
17:50 of 2nd period - Goal by Joe Pavelski - Blues : 1 - Jets : 3.
17:51 of 2nd period - R.J. Umberger wins face-off versus Josh Bailey in neutral zone.
18:24 of 2nd period - Jamie Benn is hit by Carl Gunnarsson and loses puck.
18:52 of 2nd period - Chris Kunitz is hit by Mike Fisher and loses puck.
19:00 of 2nd period - Icing by Jonathan Ericsson.
19:01 of 2nd period - Jamie Benn wins face-off versus Bryan Little in Jets zone.
19:31 of 2nd period - Jiri Hudler is hit by Anders Lee and loses puck.
Goals for this period are 0 for Blues vs 2 for Jets.
Shots for this period are 6 for Blues vs 12 for Jets.

3rd period


0:01 of 3rd period - Joe Pavelski wins face-off versus Ryan Garbutt in neutral zone.
0:17 of 3rd period - Shot by Joe Pavelski.
0:17 of 3rd period - Stopped by Antti Niemi without a rebound.
0:18 of 3rd period - Bryan Little wins face-off versus Chris Kunitz in Blues zone.
0:42 of 3rd period - Icing by Carl Gunnarsson.
0:43 of 3rd period - Bryan Little wins face-off versus Joe Pavelski in Blues zone.
0:45 of 3rd period - Icing by Mark Stuart.
0:46 of 3rd period - Joe Pavelski wins face-off versus Bryan Little in Blues zone.
1:23 of 3rd period - Minor Penalty to Connor Murphy for Hooking.
1:24 of 3rd period - Tomas Plekanec wins face-off versus Mike Fisher in Jets zone.
1:55 of 3rd period - Shot by Mike Weaver.
1:55 of 3rd period - Stopped by Cory Schneider without a rebound.
1:56 of 3rd period - Bryan Little wins face-off versus Tomas Plekanec in Jets zone.
2:11 of 3rd period - Shot by Johnny Boychuk.
2:11 of 3rd period - Shot Blocked by Kimmo Timonen.
2:13 of 3rd period - Shot by Jussi Jokinen.
2:13 of 3rd period - Deflect By Jiri Hudler.
2:13 of 3rd period - Shot Misses the Net.
2:15 of 3rd period - Shot by Kevin Klein.
2:15 of 3rd period - Stopped by Cory Schneider without a rebound.
2:16 of 3rd period - Tomas Plekanec wins face-off versus Alex Tanguay in Jets zone.
2:58 of 3rd period - Icing by Mike Weaver.
2:59 of 3rd period - Tomas Plekanec wins face-off versus Mike Fisher in Blues zone.
3:00 of 3rd period - Shot by Kimmo Timonen.
3:00 of 3rd period - Shot Misses the Net.
3:25 of 3rd period - Icing by Jonathan Ericsson.
3:26 of 3rd period - Jay McClement wins face-off versus Joe Pavelski in Jets zone.
3:26 of 3rd period - Jay McClement is hit by Alexander Edler.
3:36 of 3rd period - Shot by Corey Perry.
3:36 of 3rd period - Shot Misses the Net.
3:38 of 3rd period - Shot by Jonathan Ericsson.
3:38 of 3rd period - Shot Misses the Net.
3:53 of 3rd period - Corey Perry is hit by Jeff Petry and loses puck.
4:03 of 3rd period - Minor Penalty to Jeff Petry for Hooking.
4:04 of 3rd period - Mike Fisher wins face-off versus Jamie Benn in Blues zone.
4:04 of 3rd period - Mike Fisher is hit by Chris Kunitz.
5:27 of 3rd period - Shot by Anders Lee.
5:27 of 3rd period - Deflect By Joe Pavelski.
5:27 of 3rd period - Stopped by Antti Niemi without a rebound.
5:28 of 3rd period - Joe Pavelski wins face-off versus Mike Fisher in Blues zone.
5:28 of 3rd period - Anders Lee is hit by Mark Stuart and loses puck.
5:47 of 3rd period - Shot by Joe Pavelski.
5:47 of 3rd period - Stopped by Antti Niemi without a rebound.
5:48 of 3rd period - Mike Fisher wins face-off versus Jamie Benn in Blues zone.
5:59 of 3rd period - Cal Clutterbuck is hit by Chris Kunitz and loses puck.
6:46 of 3rd period - Shot by Carl Hagelin.
6:46 of 3rd period - Shot Misses the Net.
7:28 of 3rd period - Shot by Jamie Benn.
7:28 of 3rd period - Goal by Jamie Benn - Blues : 1 - Jets : 4.
7:29 of 3rd period - Joe Pavelski wins face-off versus Jussi Jokinen in neutral zone.
7:53 of 3rd period - David Jones is hit by Connor Murphy and loses puck.
8:04 of 3rd period - Shot by Anders Lee.
8:04 of 3rd period - Shot Misses the Net.
8:10 of 3rd period - Shot by Jussi Jokinen.
8:10 of 3rd period - Shot Misses the Net.
8:41 of 3rd period - Alex Tanguay is hit by Chris Kunitz and loses puck.
8:55 of 3rd period - R.J. Umberger is hit by Radko Gudas and loses puck.
9:32 of 3rd period - Cal Clutterbuck is hit by Radko Gudas and loses puck.
9:55 of 3rd period - Icing by Mike Weaver.
9:56 of 3rd period - Tomas Plekanec wins face-off versus Jussi Jokinen in Blues zone.
10:21 of 3rd period - Ryan Garbutt is hit by Alexander Edler.
10:37 of 3rd period - Bryan Little is hit by Tomas Plekanec and loses puck.
11:13 of 3rd period - Shot by Joe Pavelski.
11:13 of 3rd period - Stopped by Antti Niemi without a rebound.
11:14 of 3rd period - Mike Fisher wins face-off versus Joe Pavelski in Blues zone.
11:14 of 3rd period - Mike Fisher is hit by Anders Lee.
11:38 of 3rd period - Kimmo Timonen is hit by Jeff Petry and loses puck.
11:45 of 3rd period - Shot by Joe Pavelski.
11:45 of 3rd period - Stopped by Antti Niemi with a rebound.
12:05 of 3rd period - Icing by Johnny Boychuk.
12:06 of 3rd period - Jamie Benn wins face-off versus Mike Fisher in Blues zone.
12:30 of 3rd period - Minor Penalty to Radko Gudas for Delaying the game.
12:31 of 3rd period - Bryan Little wins face-off versus Tomas Plekanec in Jets zone.
12:38 of 3rd period - Shot by Carl Gunnarsson.
12:38 of 3rd period - Stopped by Cory Schneider with a rebound.
12:47 of 3rd period - Icing by Carl Gunnarsson.
12:48 of 3rd period - Bryan Little wins face-off versus Tomas Plekanec in Blues zone.
13:24 of 3rd period - Shot by Jussi Jokinen.
13:24 of 3rd period - Stopped by Cory Schneider without a rebound.
13:25 of 3rd period - Mike Fisher wins face-off versus Tomas Plekanec in Jets zone.
13:44 of 3rd period - Shot by Alex Tanguay.
13:44 of 3rd period - Shot Blocked by Kimmo Timonen.
13:44 of 3rd period - Kimmo Timonen from Jets is injured at 13:44 of 3rd period (Bruised Right Leg).
13:45 of 3rd period - Tomas Plekanec wins face-off versus Mike Fisher in Jets zone.
14:30 of 3rd period - Shot by Bryan Little.
14:30 of 3rd period - Goal by Bryan Little - Blues : 2 - Jets : 4.
14:31 of 3rd period - Jussi Jokinen wins face-off versus Joe Pavelski in neutral zone.
14:37 of 3rd period - Icing by Alexander Edler.
14:38 of 3rd period - Joe Pavelski wins face-off versus Jussi Jokinen in Jets zone.
14:38 of 3rd period - Joe Pavelski is hit by Ryan Garbutt.
14:50 of 3rd period - Shot by Connor Murphy.
14:50 of 3rd period - Stopped by Antti Niemi without a rebound.
14:51 of 3rd period - Jamie Benn wins face-off versus Bryan Little in Blues zone.
15:12 of 3rd period - Shot by Josh Bailey.
15:12 of 3rd period - Shot Misses the Net.
15:14 of 3rd period - Shot by Christian Ehrhoff.
15:14 of 3rd period - Stopped by Antti Niemi without a rebound.
15:15 of 3rd period - Mike Fisher wins face-off versus Joe Pavelski in Blues zone.
15:27 of 3rd period - Icing by Alexander Edler.
15:28 of 3rd period - Jussi Jokinen wins face-off versus Joe Pavelski in Jets zone.
15:41 of 3rd period - Ryan Garbutt is hit by Anders Lee and loses puck.
15:46 of 3rd period - Shot by Corey Perry.
15:46 of 3rd period - Stopped by Antti Niemi without a rebound.
15:47 of 3rd period - Mike Fisher wins face-off versus Jamie Benn in Blues zone.
15:47 of 3rd period - Mike Fisher is hit by Jamie Benn.
16:31 of 3rd period - Shot by Mark Stuart.
16:31 of 3rd period - Shot Misses the Net.
17:09 of 3rd period - Shot by David Jones.
17:09 of 3rd period - Deflect By Ryan Garbutt.
17:09 of 3rd period - Shot Misses the Net.
17:15 of 3rd period - Shot by David Jones.
17:15 of 3rd period - Stopped by Cory Schneider with a rebound.
17:17 of 3rd period - Shot by Mike Weaver.
17:17 of 3rd period - Deflect By Ryan Garbutt.
17:17 of 3rd period - Shot Misses the Net.
17:19 of 3rd period - Shot by Mike Weaver.
17:19 of 3rd period - Shot Blocked by Alexander Edler.
17:23 of 3rd period - Shot by Jussi Jokinen.
17:23 of 3rd period - Stopped by Cory Schneider without a rebound.
17:24 of 3rd period - Bryan Little wins face-off versus Tomas Plekanec in Jets zone.
17:25 of 3rd period - Shot by Jiri Hudler.
17:25 of 3rd period - Stopped by Cory Schneider without a rebound.
17:26 of 3rd period - Tomas Plekanec wins face-off versus Bryan Little in Jets zone.
17:26 of 3rd period - Tomas Plekanec is hit by Lee Stempniak.
17:33 of 3rd period - Shot by Jiri Hudler.
17:33 of 3rd period - Shot Misses the Net.
17:47 of 3rd period - Shot by Jiri Hudler.
17:47 of 3rd period - Stopped by Cory Schneider without a rebound.
17:48 of 3rd period - Mike Fisher wins face-off versus Joe Pavelski in Jets zone.
18:28 of 3rd period - Shot by R.J. Umberger.
18:28 of 3rd period - Stopped by Cory Schneider without a rebound.
18:29 of 3rd period - Boyd Gordon wins face-off versus Jussi Jokinen in Jets zone.
18:29 of 3rd period - Boyd Gordon is hit by Ryan Garbutt.
18:34 of 3rd period - Radko Gudas is hit by Mike Weaver and loses puck.
18:47 of 3rd period - Shot by Josh Bailey.
18:47 of 3rd period - Shot Blocked by Mike Weaver.
19:12 of 3rd period - Josh Bailey is hit by Kevin Klein and loses puck.
19:29 of 3rd period - Jiri Hudler is hit by Josh Bailey and loses puck.
Goals for this period are 1 for Blues vs 1 for Jets.
Shots for this period are 10 for Blues vs 9 for Jets.


Output by the SimonT Hockey Simulator (STHS) for Stephane Roy -- Original Page W3C XHTML 1.0 Valid
Hockey Simulator - Hockey Simulation - Hockey Manager